 Dungeon Crawl Stone Soup version 0.29.0-10-g45618ea6d2 (webtiles) character file.

Game seed: 15428186543944878561

14631 sanka the Fighter (level 12, -2/79 HPs)
             Began as a Gargoyle Monk on Sept 1, 2022.
             Was an Elder of the Shining One.
             Slain by a bone dragon (12 damage)
             ... on level 1 of the Abyss.
             The game lasted 00:23:04 (15977 turns).

sanka the Fighter (Gargoyle Monk)                  Turns: 15977, Time: 00:23:05

Health: -2/79      AC: 30    Str: 20      XL:     12   Next: 18%
Magic:  0/18       EV:  5    Int: 16 (17) God:    the Shining One [****..]
Gold:   225        SH: 24    Dex: 12      Spells: 11/11 levels left

rFire   + . .      SeeInvis .   a - +5 flail (freeze)
rCold   . . .      Faith    .   F - +0 tower shield
rNeg    + + +      Spirit   +   m - +2 chain mail {rF+}
rPois   ∞          Reflect  .   M - +0 helmet
rElec   +          Harm     .   r - +0 cloak
rCorr   .          Rampage  .   y - +0 pair of gloves
Will    +....      Rage     3%  x - +2 pair of boots {Fly}
Stlth   ..........              K - amulet of guardian spirit
HPRegen 0.00/turn               s - +6 ring of intelligence
MPRegen 0.16/turn               v - ring of willpower

@: divinely shielded, flying, inhibited regen, glowing, unable to drink
A: sickness immunity, AC +8, negative energy resistance 1, electricity
resistance, torment resistance 1, petrification resistance, [berserk 1],
[deterioration 1], [inhibited regeneration], ([teleportitis 1]), [inability to
drink after injury 2]
a: Renounce Religion, Divine Shield, Cleansing Flame


You were on level 1 of the Abyss.
You worshipped the Shining One.
The Shining One was greatly pleased with you.
You visited 2 branches of the dungeon, and saw 12 of its levels.
You visited the Abyss 1 time.
You also visited: Bailey.

You collected 765 gold pieces.
You spent 540 gold pieces at shops.


Innate Abilities, Weirdness & Mutations

You are immune to sickness and miasma.
Your stone body is resilient. (AC +8)
You are immune to poison.
You resist negative energy. (rN+)
You are resistant to electric shocks. (rElec)
You are resistant to unholy torment.
You are immune to petrification.
[You sometimes lose your temper in combat.]
[Your body sometimes deteriorates upon taking damage.]
[You do not regenerate when monsters are visible.]
[((You are occasionally teleported next to monsters.))]
[You sometimes lose the ability to drink potions when taking damage.]


   Skills:
 + Level 10.9 Fighting
 + Level 10.5 Maces & Flails
 + Level 10.3 Armour
 - Level 2.4 Dodging
 - Level 2.1 Stealth
 + Level 7.4 Shields
 + Level 8.2 Invocations


You had 11 spell levels left.
You didn't know any spells.
Your spell library contained the following spells:

 Spells                   Type           Power      Damage    Failure   Level
 Slow                     Hex            0%         N/A       100%        1
 Summon Small Mammal      Summ           0%         N/A       100%        1
 Call Canine Familiar     Summ           0%         N/A       100%        3
 Confusing Touch          Hex            0%         N/A       100%        3
 Conjure Flame            Conj/Fire      0%         6-21      100%        3
 Dazzling Flash           Conj/Hex       0%         N/A       100%        3
 Ignite Poison            Fire/Tmut/Pois 0%         N/A       100%        3
 Mephitic Cloud           Conj/Pois/Air  0%         N/A       100%        3
 Summon Guardian Golem    Hex/Summ       0%         N/A       100%        3
 Vampiric Draining        Necr           0%         2d6       100%        3
 Agony                    Necr           0%         N/A       100%        5
 Freezing Cloud           Conj/Ice/Air   0%         6-21      100%        5
 Iskenderun's Battlesphe  Conj           0%         2d6       100%        5
 Silence                  Hex/Air        0%         N/A       100%        5
 Summon Forest            Summ/Tloc      0%         N/A       100%        5
 Eringya's Noxious Bog    Tmut/Pois      0%         N/A       100%        6
 Iron Shot                Conj/Erth      0%         9d1       100%        6
 Simulacrum               Ice/Necr       0%         N/A       100%        6
 Starburst                Conj/Fire      0%         6d3       100%        6
 Spellforged Servitor     Conj/Summ      0%         N/A       100%        7
 Summon Hydra             Summ           0%         N/A       100%        7

Inventory:

Hand Weapons
 a - a +5 flail of freezing (weapon)
 c - a +0 mace
 n - a +1 hand axe of electrocution
Missiles
 H - 2 throwing nets {=f}
 N - a curare-tipped dart {=f}
Armour
 m - a +2 chain mail of fire resistance (worn)
 r - a +0 cloak (worn)
 x - a +2 pair of boots of flying (worn)
 y - a +0 pair of gloves (worn)
 F - a +0 tower shield (worn)
 M - a +0 helmet (worn)
Magical Staves
 J - a staff of fire
Jewellery
 q - a ring of flight
 s - a +6 ring of intelligence (left hand)
 v - a ring of willpower (right hand)
 K - an amulet of guardian spirit (around neck)
Wands
 u - a wand of polymorph (1)
 A - a wand of roots (10)
 D - a wand of flame (21)
Scrolls
 b - a scroll of fog
 e - 2 scrolls of noise {!r}
 g - 4 scrolls of silence {!r}
 l - 4 scrolls of teleportation {@r4}
 p - 2 scrolls of amnesia
 t - 3 scrolls of poison
 w - 3 scrolls of magic mapping
 z - a scroll of summoning
 C - 3 scrolls of vulnerability {!r}
 E - 2 scrolls of fear
 G - 2 scrolls of enchant armour
 I - a scroll of acquirement
 L - a scroll of blinking
Potions
 f - a potion of lignification {unknown}
 h - a potion of magic {unknown}
 i - 2 potions of heal wounds {@q2}
 j - 2 potions of haste {@q3}
 k - 2 potions of cancellation
 o - 6 potions of flight
 B - 4 potions of curing {@q1}
Miscellaneous
 d - a phial of floods

Dungeon Overview and Level Annotations

Branches:
Dungeon (11/15)            Temple (1/1) D:5            Lair (0/5) D:8
    Orc (0/2) D:10         Bailey (visited)

Altars:
Ashenzari
Cheibriados
Dithmenos
Elyvilon
Fedhas
Gozag
Hepliaklqana
Kikubaaqudgha
Nemelex Xobeh
Okawaru
Qazlal
Ru
Sif Muna
Trog
Uskayaw
Vehumet
Wu Jian
Xom
Yredelemnul
Zin
The Shining One

Shops:
D:1 [   D:3 =   D:10 (

Annotations:
D:5 2 transporters, Akransas's ghost, novice DjGl
D:11 Erolcha
Temple 2 transporters

. ▒ ▒ ▒▒ ... . .
▒▒ ▒▒▒▒ ▒▒▒▒▒▒.
▒▒.▒.▒ ▒ ▒.▒ ▒
▒▒▒.▒.. ▒ . ▒▒
▒..▒▒.▒...▒.. ▒
▒.▒▒.▒..▒▒..▒ ▒
▒ ▒.▒..
▒▒....▒..▒ ▒
▒..▒
...D.▒..D8..▒.▒▒
..
.▒▒▒▒▒▒.▒.▒▒...▒
▒.▒ ....▒ ▒.
▒.▒▒..▒. . .▒.
▒.▒▒.▒▒ ..... D
. ▒ ▒. ▒..▒▒.▒ ▒
▒ ▒▒ ▒..▒ ▒ .
▒.. ...


You could see a bone dragon.


Message History

You block the bone dragon's attack.
You hit the bone dragon but do no damage.
The bone dragon is lightly damaged.
The bone dragon completely misses you. You block the bone dragon's attack.
The bone dragon completely misses you.
You hit the bone dragon but do no damage.
The bone dragon is lightly damaged.
The bone dragon closely misses you. You block the bone dragon's attack.
The bone dragon tramples you but does no damage.
You block the bone dragon's attack. The bone dragon claws you!
You feel threatened and lose the ability to drink potions!
* * * LOW HITPOINT WARNING * * *
You block the bone dragon's attack.
You hit the bone dragon.
The bone dragon is lightly damaged.
The bone dragon completely misses you. You block the bone dragon's attack.
You block the bone dragon's attack.
You hit the bone dragon but do no damage.
The bone dragon is lightly damaged.
You block the bone dragon's attack. You block the bone dragon's attack.
You block the bone dragon's attack.
You hit the bone dragon but do no damage.
The bone dragon is lightly damaged.
The bone dragon bites you!
You die...

Action                   |  1- 3 |  4- 6 |  7- 9 | 10-12 || total
-------------------------+-------+-------+-------+-------++-------
Melee: Mace              |    70 |       |       |       ||    70
       Hand axe          |    31 |   192 |   288 |    63 ||   574
       Punch             |       |     1 |     7 |       ||     8
       Flail             |       |       |       |   402 ||   402
Invok: Divine Shield     |       |       |       |     1 ||     1
  Use: Scroll            |       |       |    11 |     7 ||    18
       Potion            |       |       |       |     1 ||     1
 Stab: Sleeping          |     2 |       |       |       ||     2
       Invisible         |       |     1 |       |       ||     1
Armor: Robe              |    26 |       |       |       ||    26
       Chain mail        |    20 |   140 |   275 |   371 ||   806
Dodge: Dodged            |    49 |    71 |   118 |   114 ||   352
Block: Tower shield      |       |       |   114 |   432 ||   546

Levels and vault maps discovered:
D:1:      dpeg_arrival_stone_temple_mockup, layout_loops_ring, serial_shops,
          nicolae_diamond_shop, shapermc_ecumenical_altar_gd,
          minmay_small_reverse_x
D:2:      layout_loops_cross, basic_altar, uniq_crazy_yiuf_cottage
D:3:      kb_forest_paths, layout_loops_ring, amcnicky_altar_gilded,
          serial_shops, shop, lexackson_kobold_supper
D:4:      layout_loops_cross, st_stairs_5, uniq_menkaure
D:5:      layout_basic, minmay_temple_entry_mini_moons, serial_rivers,
          chequers_serial_rivers_small_3, chequers_serial_rivers_room_a,
          chequers_serial_rivers_large_b, chequers_serial_rivers_micro_d,
          chequers_serial_rivers_micro_b, gammafunk_ghost_hive, uniq_sigmund
D:6:      layout_cave_pools, mainiacjoe_overflow_catwalk, grunt_ministairs_12,
          uniq_maggie
D:7:      layout_loops_ring, lemuel_coloured_pillars_altar,
          mainiacjoe_overflow_24_doors
D:8:      layout_gridville, marbit_many_paths, dpeg_lair_monsters
D:9:      layout_loops_ring, general_overflow_altar,
          mainiacjoe_overflow_brackets, uniq_harold
D:10:     layout_rooms, nicolae_overflow_crystal_walls,
          mainiacjoe_overflow_alcove_1, david_orc_1_choice, serial_shops,
          nicolae_shop_trees, enter_bailey_2, due_unseen_surprise
D:11:     layout_rooms, serial_corexii_hall, corexii_hall_statues_i,
          chequers_hall_statues_wall_a, serial_shops, nicolae_take_the_stairs,
          minmay_mirror_moons_of_madness, uniq_erolcha
Temple:   hellmonk_temple_divided_pantheon
Abyss:1:  base: D:2, hangedman_steaming_rock

Notes
Turn   | Place    | Note
-------+----------+-------------------------------------------
     0 | D:1      | sanka the Gargoyle Monk began the quest for the Orb.
     0 | D:1      | Reached XP level 1. HP: 14/14 MP: 1/1
   183 | D:1      | Reached XP level 2. HP: 10/19 MP: 2/2
   765 | D:1      | Reached skill level 4 in Maces & Flails
   869 | D:1      | HP: 1/19 [goblin/+0 club (2)]
   871 | D:1      | Reached XP level 3. HP: 2/23 MP: 3/3
  1561 | D:1      | Found Ikuadwoc's Antique Armour Emporium.
  1717 | D:1      | Found a faded altar of an unknown god.
  1962 | D:2      | Reached skill level 1 in Armour
  1962 | D:2      | Reached XP level 4. HP: 20/28 MP: 4/4
  2212 | D:2      | Found an ornate altar of the Wu Jian Council.
  2444 | D:2      | Found a runed translucent door.
  2445 | D:2      | Noticed Crazy Yiuf
  2776 | D:2      | Killed Crazy Yiuf
  2777 | D:2      | Reached skill level 4 in Fighting
  2777 | D:2      | Reached skill level 2 in Armour
  2777 | D:2      | Reached XP level 5. HP: 23/33 MP: 5/5
  2979 | D:3      | Found a shimmering altar of Xom.
  3025 | D:3      | Found Puri Pat's Jewellery Shop.
  3527 | D:3      | Noticed a phantom
  3531 | D:3      | Reached skill level 5 in Maces & Flails
  3551 | D:3      | Killed a phantom
  3552 | D:3      | Reached XP level 6. HP: 21/39 MP: 6/6
  4139 | D:1      | Bought a pair of runed boots for 180 gold pieces
  4217 | D:5      | Entered Level 5 of the Dungeon
  4509 | D:4      | Reached skill level 3 in Armour
  4870 | D:4      | Reached skill level 5 in Fighting
  4877 | D:4      | Reached XP level 7. HP: 41/44 MP: 7/7
  4922 | D:4      | Noticed Menkaure
  4929 | D:4      | Killed Menkaure
  4930 | D:4      | Reached skill level 4 in Armour
  5253 | D:4      | Reached skill level 6 in Maces & Flails
  5555 | D:5      | Reached skill level 6 in Fighting
  5555 | D:5      | Reached XP level 8. HP: 51/51 MP: 8/8
  5575 | D:5      | Reached skill level 5 in Armour
  5623 | D:5      | Noticed Sigmund
  5652 | D:5      | Killed Sigmund
  5653 | D:5      | Reached skill level 7 in Maces & Flails
  5881 | D:5      | Reached skill level 7 in Fighting
  5881 | D:5      | Reached skill level 6 in Armour
  6062 | D:5      | Found a staircase to the Ecumenical Temple.
  6079 | Temple   | Entered the Ecumenical Temple
  6079 | Temple   | Found a transporter.
  6079 | Temple   | Found a transporter.
  6081 | Temple   | Found a transporter.
  6081 | Temple   | Found a transporter.
  6096 | Temple   | Became a worshipper of the Shining One
  6096 | Temple   | Reached * piety under the Shining One
  6096 | Temple   | Reached ** piety under the Shining One
  6258 | D:5      | Found a transporter.
  6262 | D:5      | Noticed Akransas's ghost (novice DjGl)
  6263 | D:5      | Found a transporter.
  6879 | D:6      | Reached skill level 1 in Invocations
  6994 | D:6      | Identified +0 steam dragon scales
  6994 | D:6      | Noticed Maggie
  7005 | D:6      | Reached XP level 9. HP: 41/57 MP: 10/10
  7023 | D:6      | Killed Maggie
  7024 | D:6      | Reached skill level 2 in Invocations
  7408 | D:6      | Reached skill level 3 in Invocations
  7624 | D:6      | Found a bloodstained altar of Trog.
  7870 | D:7      | Reached skill level 7 in Armour
  8093 | D:7      | Reached skill level 8 in Fighting
  8093 | D:7      | Reached skill level 1 in Shields
  8140 | D:7      | Found a shadowy altar of Dithmenos.
  8274 | D:7      | Reached skill level 8 in Maces & Flails
  8431 | D:7      | Found a stormy altar of Qazlal.
  8637 | D:8      | Reached skill level 2 in Shields
  8643 | D:8      | Reached skill level 4 in Invocations
  9335 | D:8      | Noticed a death yak
  9338 | D:8      | Noticed a death yak
  9348 | D:8      | Noticed a death yak
  9361 | D:7      | Reached XP level 10. HP: 36/65 MP: 13/13
  9364 | D:7      | Reached skill level 3 in Shields
  9643 | D:8      | Found a staircase to the Lair.
  9675 | D:8      | Noticed a death yak
  9684 | D:8      | Noticed a death yak
  9684 | D:8      | Noticed a death yak
  9725 | D:7      | The Shining One protects you from harm!
  9726 | D:7      | Killed a death yak
  9727 | D:7      | Reached skill level 8 in Armour
  9727 | D:7      | Reached skill level 5 in Invocations
 10376 | D:8      | Found a shimmering blue altar of Sif Muna.
 10451 | D:7      | HP: 4/65 [death yak (19)]
 10910 | D:9      | Reached skill level 9 in Fighting
 10911 | D:9      | Reached skill level 4 in Shields
 11040 | D:9      | Identified the +3 leather armour "Nuver" {Rampage rCorr
                  | Str-3 Stlth+}
 11280 | D:9      | Noticed Harold
 11300 | D:9      | Killed Harold
 11301 | D:9      | Reached skill level 9 in Maces & Flails
 11490 | D:9      | Found a glowing silver altar of Zin.
 11589 | D:9      | Found a broken altar of Ashenzari.
 11643 | D:9      | Reached skill level 6 in Invocations
 11674 | D:9      | Reached *** piety under the Shining One
 11683 | D:9      | Reached skill level 5 in Shields
 11695 | D:9      | Reached XP level 11. HP: 37/71 MP: 15/15
 12171 | D:10     | Entered Level 10 of the Dungeon
 12181 | D:10     | Reached skill level 9 in Armour
 12238 | D:10     | Found a staircase to the Orcish Mines.
 12287 | D:10     | Found Gicwe's Weapon Shoppe.
 12498 | D:10     | Found a flagged portal.
 12508 | Bailey   | Entered a bailey
 12893 | Bailey   | Reached skill level 10 in Fighting
 13307 | Bailey   | Identified the +5 rapier "Zaotiwn" {drain, Str-4 Int+9
                  | Dex+4 SInv}
 13325 | Bailey   | Reached skill level 6 in Shields
 13642 | Bailey   | Reached skill level 7 in Invocations
 14197 | D:10     | Found an ornate altar of the Wu Jian Council.
 14210 | D:10     | Found a sparkling altar of Nemelex Xobeh.
 14463 | D:7      | Killed a death yak
 14464 | D:7      | Reached skill level 10 in Maces & Flails
 14778 | D:3      | Bought an amulet of guardian spirit for 360 gold pieces
 15275 | D:10     | cage with items
 15316 | D:11     | Noticed a manticore
 15382 | D:11     | Noticed a six-headed hydra
 15403 | D:11     | Killed a manticore
 15629 | D:11     | Killed a six-headed hydra
 15630 | D:11     | Reached skill level 10 in Armour
 15687 | D:11     | Got the Book of Freezing Combustion
 15773 | D:11     | Noticed Erolcha
 15787 | Abyss:1  | Cast into level 1 of the Abyss (Erolcha)
 15856 | Abyss:1  | Reached skill level 7 in Shields
 15867 | Abyss:1  | Noticed a wretched star
 15872 | Abyss:1  | Reached **** piety under the Shining One
 15881 | Abyss:1  | Reached XP level 12. HP: 47/79 MP: 11/17
 15900 | Abyss:1  | Killed a wretched star
 15901 | Abyss:1  | Reached skill level 8 in Invocations
 15954 | Abyss:1  | Noticed a bone dragon
 15957 | Abyss:1  | HP: 4/79 [large abomination (7)]
 15977 | Abyss:1  | Slain by a bone dragon

Vanquished Creatures
  Harold (D:9)
  A hydra (D:11)
  2 death yaks (D:7)
  A wretched star (Abyss:1)
  A manticore (D:11)
  A gargoyle (D:10)
  A rust devil (Abyss:1)
  Maggie (D:6)
  A meliai (D:11)
  2 trolls (D:9)
  A hornet (D:10)
  A raiju (Abyss:1)
  Sigmund (D:5)
  2 wyverns (D:8)
  10 yaks
  2 shadows
  A vampire mosquito (D:11)
  3 large abominations (Abyss:1)
  Menkaure (D:4)
  An acid dragon (D:9)
  2 wargs (D:10)
  4 water moccasins
  A black bear (D:7)
  10 orc warriors
  A small abomination (Abyss:1)
  3 ice beasts
  An ogre (D:4)
  18 centaurs
  3 phantoms
  2 kobold brigands
  A bullfrog (D:8)
  3 necrophages
  2 gnoll sergeants
  5 scorpions
  4 wights (D:9)
  8 killer bees
  A howler monkey (D:11)
  A jelly (D:6)
  4 orc priests
  Crazy Yiuf (D:2)
  A gnoll bouda (D:8)
  A hound (D:4)
  8 orc wizards
  4 iguanas
  8 adders
  12 gnolls
  2 white imps
  A howler monkey simulacrum (D:11)
  2 worms (D:2)
  5 dart slugs
  72 orcs
  10 ball pythons
  5 bats
  8 endoplasms
  3 giant cockroaches
  5 goblins
  9 hobgoblins
  3 jackals
  5 quokkas
  A frilled lizard (D:3)
  25 kobolds
  7 rats
307 creatures vanquished.

Vanquished Creatures (others)
  19 demonic plants (D:1)
  8 fungi (D:1)
  A lurking horror (Abyss:1)
  15 plants
  4 withered plants (D:1)
47 creatures vanquished.

Grand Total: 354 creatures vanquished
